 Dungeon Crawl Stone Soup version 0.24.0-123-gd5b16e6ec5 (console) character file.

Game seed: 9480317314833308189, levelgen mode: deterministic

64902 Ignak the Thaumaturge (level 14, -9/108 HPs)
             Began as a Mummy Wizard on Dec 17, 2019.
             Was an Elder of Sif Muna.
             Mangled by Jorgrun
             ... wielding an uncursed staff of earth
              (16 damage)
             ... on level 13 of the Dungeon on Dec 18, 2019.
             The game lasted 03:18:48 (34570 turns).

Ignak the Thaumaturge (Mummy Wizard)               Turns: 34570, Time: 03:18:49

Health: -9/108     AC: 17    Str: 10    XL:     14   Next: 73%
Magic:  2/29       EV: 14    Int: 23    God:    Sif Muna [****..]
Gold:   2021       SH: 14    Dex: 14    Spells: 3/36 levels left

rFire    x . .     SeeInvis .   A - +6 scimitar (flame)
rCold    + . .     Gourm    .   m - +1 shield {AC+3}
rNeg     + + +     Faith    .   H - +3 troll leather armour
rPois    ∞         Spirit   .   p - +0 helmet
rElec    .         Reflect  +   w - +0 cloak
rCorr    .         Harm     .   s - +0 pair of gloves
MR       +....                  B - +2 pair of boots
Stlth    +++.......             i - amulet of Buuck {Reflect Dex+4 SH+3 Stlth+}
HPRegen  0.68/turn              q - +2 ring of evasion
MPRegen  0.21/turn              n - ring of wizardry

@: grasped by roots, very slightly contaminated, constricted
A: no food or potions, fire vulnerability, cold resistance 1, negative energy
resistance 3, torment resistance, unbreathing, in touch with death 1
a: Channel Magic, Forget Spell, Divine Exegesis, Renounce Religion


You were on level 13 of the Dungeon.
You worshipped Sif Muna.
Sif Muna was greatly pleased with you.
You were not hungry.

You visited 4 branches of the dungeon, and saw 22 of its levels.
You also visited: Sewer, Bailey and Ice Cave.

You collected 2219 gold pieces.
You spent 198 gold pieces at shops.

Inventory:

Hand Weapons
 r - the +1 short sword of the Horn {antimagic, *Rage rElec Str+4 Int+8}
   (You found it on level 5 of the Dungeon)

   It reduces the magical energy of the wielder, and disrupts the spells and
   magical abilities of those hit.
   Natural abilities and divine invocations are not affected.
   It affects your strength (+4).
   It affects your intelligence (+8).
   It insulates you from electricity.
   It may make you go berserk in combat.
 t - a +2 flail of draining
 v - a +6 halberd
 A - a +6 scimitar of flaming (weapon)
 E - a +0 demon whip of electrocution
Missiles
 c - 11 atropa-tipped darts (quivered)
 h - 15 curare-tipped darts
Armour
 b - a +2 robe of cold resistance
 m - a +1 shield of protection (worn)
 p - a +0 helmet (worn)
 s - a +0 pair of gloves (worn)
 w - a +0 cloak (worn)
 B - a +2 pair of boots (worn)
 H - a +3 troll leather armour (worn)
 O - +0 steam dragon scales
Magical Staves
 o - an uncursed staff of earth
Jewellery
 e - an uncursed amulet of magic regeneration
 i - the amulet of Buuck (around neck) {Reflect Dex+4 SH+3 Stlth+}
   (You took it off a kobold in a bailey)

   [amulet of reflection]

   It shields you and reflects attacks.
   It affects your dexterity (+4).
   It affects your SH (+3).
   It makes you more stealthy.
 j - an uncursed ring of stealth
 n - a ring of wizardry (right hand)
 q - a +2 ring of evasion (left hand)
 F - an uncursed ring of ice
Wands
 a - a wand of paralysis (8)
 d - a wand of polymorph (9)
 y - a wand of clouds (4)
 D - a wand of iceblast (4)
 L - a wand of digging (4)
 N - a wand of flame (15)
Scrolls
 f - 5 scrolls of immolation
 g - 2 scrolls of fog
 k - 2 scrolls of holy word
 l - 11 scrolls of remove curse
 u - a scroll of blinking
 x - 3 scrolls of fear
 z - 9 scrolls of teleportation
 C - 4 scrolls of vulnerability
 G - a scroll of brand weapon
 I - 3 scrolls of identify
 M - a scroll of amnesia
 P - a scroll of magic mapping
 Q - a scroll of torment {unknown}
Miscellaneous
 J - a lamp of fire (inert)
 K - a fan of gales (inert)


   Skills:
 - Level 9.0 Fighting
 - Level 4.3 Long Blades
 - Level 4.1 Polearms
 - Level 3.1 Armour
 + Level 8.2 Dodging
 - Level 4.0 Stealth
 + Level 7.8 Shields
 + Level 11.9 Spellcasting
 - Level 7.3 Conjurations
 * Level 5.0 Summonings
 + Level 4.9 Necromancy
 - Level 0.7 Translocations
 * Level 5.7 Ice Magic
 - Level 4.0 Air Magic
 + Level 6.4 Poison Magic
 * Level 2.3 Invocations


You had 3 spell levels left.
You knew the following spells:

 Your Spells              Type           Power        Failure   Level  Hunger
a - Searing Ray           Conj           #####.       1%          2    N/A
b - Blink                 Tloc           N/A          7%          2    N/A
c - Conjure Flame         Conj/Fire      ####....     4%          3    N/A
d - Mephitic Cloud        Conj/Pois/Air  #####...     1%          3    N/A
e - Summon Lightning Spi  Summ/Air       ####....     10%         4    N/A
f - Simulacrum            Ice/Necr       ######....   67%         6    N/A
g - Airstrike             Air            ####......   12%         4    N/A
h - Swiftness             Chrm/Air       ###.....     4%          2    N/A
q - Ozocubu's Armour      Chrm/Ice       ####....     6%          3    N/A
z - Olgreb's Toxic Radia  Pois           #####...     4%          4    N/A

Your spell library contained the following spells:

 Spells                   Type           Power        Failure   Level  Hunger
 Freeze                   Ice            ####         1%          1    N/A
 Magic Dart               Conj           ####         1%          1    N/A
 Pain                     Necr           ####         1%          1    N/A
 Shock                    Conj/Air       ####         1%          1    N/A
 Sting                    Conj/Pois      ####         1%          1    N/A
 Summon Small Mammal      Summ           ####         1%          1    N/A
 Call Imp                 Summ           #####...     1%          2    N/A
 Poisonous Vapours        Pois/Air       #####.       1%          2    N/A
 Throw Frost              Conj/Ice       #####.       1%          2    N/A
 Static Discharge         Conj/Air       #####...     1%          3    N/A
 Call Canine Familiar     Summ           #####...     2%          3    N/A
 Dazzling Spray           Conj/Hex       ####..       4%          3    N/A
 Stone Arrow              Conj/Erth      ####..       4%          3    N/A
 Summon Guardian Golem    Hex/Summ       ####....     6%          3    N/A
 Slow                     Hex            ##......     10%         2    N/A
 Iskenderun's Mystic Bla  Conj           #####...     3%          4    N/A
 Throw Icicle             Conj/Ice       #####...     4%          4    N/A
 Summon Ice Beast         Ice/Summ       #####...     7%          4    N/A
 Venom Bolt               Conj/Pois      #####.....   11%         5    N/A
 Force Lance              Conj/Tloc      ####....     12%         4    N/A
 Fulminant Prism          Conj/Hex       ####......   13%         4    N/A
 Lightning Bolt           Conj/Air       #####.....   16%         5    N/A
 Agony                    Necr           ######..     22%         5    N/A
 Irradiate                Conj/Tmut      ####......   34%         5    N/A
 Bolt of Magma            Conj/Fire/Erth ####......   50%         5    N/A
 Shadow Creatures         Summ           N/A          71%         6    N/A
 Lee's Rapid Deconstruct  Erth           ##........   83%         5    N/A
 Iron Shot                Conj/Erth      ####......   87%         6    N/A
 Monstrous Menagerie      Summ           #####.....   99%         7    N/A
 Lehudib's Crystal Spear  Conj/Erth      ####......   100%        8    N/A
 Fire Storm               Conj/Fire      ####......   100%        9    N/A

Dungeon Overview and Level Annotations

Branches:
Dungeon (13/15)            Temple (1/1) D:5            Lair (6/6) D:8
  Swamp (0/4) Lair:3        Snake (0/4) Lair:4        Slime (0/5) Lair:6
    Orc (2/2) D:11            Elf (0/3) Orc:2         Sewer (visited)
 Bailey (visited)           IceCv (visited)
 Vaults: D:13-14

Altars:
Ashenzari
Cheibriados
Dithmenos
Elyvilon
Fedhas
Gozag
Hepliaklqana
Kikubaaqudgha
Makhleb
Nemelex Xobeh
Okawaru
Qazlal
Ru
Sif Muna
Trog
Uskayaw
Vehumet
Wu Jian
Xom
Yredelemnul
Zin
The Shining One

Shops:
D:8 *   D:11 (   Orc:2 %=![

Annotations:
D:13 Jorgrun


Innate Abilities, Weirdness & Mutations

You do not eat or drink.
Your flesh is vulnerable to fire.
You are immune to poison.
Your flesh is cold resistant. (rC+)
You are immune to negative energy. (rN+++)
You are immune to unholy pain and torment.
You can survive without breathing.
You are in touch with the powers of death.


Message History

Your lightning spire shoots out a bolt of lightning at Jorgrun!
The bolt of electricity hits Jorgrun!
Press: ? - help, v - describe, . - travel
Here: Jorgrun, wielding a staff of earth and wearing a +2 robe of cold resistance (almost dead, poisoned)
The floor.
Evoke which item? (* to show all) (? for menu, Esc to quit)
Okay, then.
Casting: Olgreb's Toxic Radiance (safe; 4% risk of failure)
Confirm with . or Enter, or press ? or * to list all spells.
Okay, then.
Unknown command.
Casting: Olgreb's Toxic Radiance (safe; 4% risk of failure)
Confirm with . or Enter, or press ? or * to list all spells.
Aiming: Airstrike (safe; 12% risk of failure)
Press: ? - help, Dir - move target cursor, f/p - Jorgrun
Aim: Jorgrun, wielding a staff of earth and wearing a +2 robe of cold resistance (almost dead, poisoned)
You miscast Airstrike.
Nothing appears to happen.
Jorgrun looks as sick as possible!
Your toxic aura wanes.
You die...

######## #......#
#!.....# ####+##......#
#......#.......@....+
#..#...#......g.....#
#......#....8.......#
#......#..☼☼○#......##+
#......#..○○##.........
#.....K#...○...........
#..#...#...............
#.....>'...............
#......#............###


You could see Jorgrun and a friendly lightning spire.

Vanquished Creatures
  Azrael (D:11)
  Josephine (Lair:4)
  A fire dragon (Lair:6)
  8 hydras
  5 two-headed ogres
  4 death yaks (D:8)
  Sonja (D:10)
  An orc high priest (Orc:2)
  Nergalle (Lair:1)
  3 unseen horrors
  A swamp dragon (Lair:6)
  An orange crystal statue (Lair:6)
  An orc knight (Orc:1)
  A deep elf mage (D:11)
  An orc sorcerer (Orc:1)
  An oklob plant (Lair:6)
  6 elephants (Lair:6)
  4 cyclopes
  2 black mambas
  A gargoyle (D:11)
  2 ice statues (IceCv)
  9 spiny frogs
  A kobold demonologist (D:13)
  4 rime drakes
  8 komodo dragons
  A demonic crawler (Lair:3)
  11 ice devils (IceCv)
  7 trolls
  The ghost of fritzmikael the Chiller, an amateur BaIE (D:5)
  9 blink frogs
  A hornet (D:10)
  9 dream sheep
  8 hippogriffs
  A shadow (D:12)
  A wyvern (Lair:1)
  A wraith (Lair:4)
  20 yaks
  2 fire elementals
  3 basilisks
  2 hungry ghosts (D:9)
  A vampire mosquito (D:12)
  4 steam dragons (Lair:6)
  Edmund (D:3)
  2 wargs (Orc:1)
  An acid dragon (Lair:6)
  4 swamp worms (Lair:3)
  4 nagas (Lair:4)
  7 water moccasins
  5 porcupines
  A swamp drake (Lair:6)
  39 orc warriors
  A necrophage (D:8)
  3 sky beasts
  A black bear (D:11)
  2 ice beasts
  10 wolves
  9 ogres
  18 centaurs
  11 crocodiles
  5 big kobolds
  8 bullfrogs
  A wyvern skeleton (D:13)
  2 scorpions
  2 electric eels
  3 killer bees (D:5)
  7 wights
  A bullfrog zombie (D:5)
  3 crimson imps
  3 lava snakes (Lair:6)
  3 hounds
  16 orc priests
  A jelly (D:8)
  Crazy Yiuf (D:5)
  2 bullfrog skeletons
  3 centaur skeletons
  3 iguanas (Lair:6)
  28 orc wizards
  16 worker ants
  2 killer bee zombies
  A worker ant zombie (D:11)
  2 gnolls (D:5)
  Robin (D:4)
  9 adders
  A river rat (Sewer)
  2 shadow imps
  3 white imps (IceCv)
  7 ufetubi (IceCv)
  An ooze (D:4)
  2 adder zombies (D:6)
  2 adder skeletons
  A dart slug (D:5)
  5 leopard geckos
  67 orcs
  6 giant cockroaches
  6 goblins
  7 hobgoblins
  8 jackals
  8 quokkas
  7 ball pythons
  3 bats (D:1)
  3 frilled lizards
  28 kobolds
  A quokka skeleton (D:5)
  13 rats
574 creatures vanquished.

Vanquished Creatures (collateral kills)
  A catoblepas (Lair:6)
  A black mamba (Lair:6)
  A spiny frog (Lair:6)
  2 komodo dragons
  A polar bear (Lair:5)
  6 blink frogs
  3 wraiths (Lair:4)
  A wyvern (D:12)
  A yak (Lair:2)
  A basilisk (Lair:6)
  2 fire elementals (D:11)
  A vampire mosquito (D:12)
  A naga (Lair:4)
  2 water moccasins
  Duvessa (D:4)
  An orc warrior (D:6)
  A porcupine (Lair:4)
  An ice beast (D:5)
  A sky beast (D:5)
  A phantom (D:3)
  3 ogres (D:4)
  A wolf (Lair:4)
  2 centaurs (D:11)
  2 crocodiles
  Blork the orc (D:5)
  A bullfrog (D:8)
  Dowan (D:4)
  A scorpion (D:4)
  2 wights (D:8)
  2 killer bees (D:5)
  A crimson imp (D:11)
  A hound (D:4)
  4 orc priests
  4 orc wizards
  An iguana (D:5)
  A worker ant (D:7)
  4 river rats (Sewer)
  6 adders
  3 gnolls
  2 oozes
  2 worms (D:2)
  3 dart slugs (D:1)
  2 leopard geckos
  8 orcs
  4 giant cockroaches
  7 goblins
  6 hobgoblins
  5 jackals
  2 quokkas
  A ball python (D:1)
  A frilled lizard (D:3)
  14 kobolds
  20 rats
148 creatures vanquished.

Vanquished Creatures (others)
  A reaper (IceCv)
  Nessos (Lair:4)
  A centaur warrior (Orc:2)
  4 orc warriors (Orc:2)
  3 centaurs (Orc:2)
  An orc wizard (D:12)
  5 white imps (IceCv)
  5 ufetubi (IceCv)
  5 orcs
  9 fungi (Lair:6)
  15 plants
50 creatures vanquished.

Grand Total: 772 creatures vanquished

Notes
Turn   | Place    | Note
-------+----------+-------------------------------------------
     0 | D:1      | Ignak the Mummy Wizard began the quest for the Orb.
     0 | D:1      | Reached XP level 1. HP: 13/13 MP: 5/5
   238 | D:1      | Reached skill level 1 in Conjurations
   438 | D:1      | Reached XP level 2. HP: 20/20 MP: 4/7
   445 | D:1      | Learned a level 2 spell: Blink
   448 | D:1      | Learned a level 2 spell: Call Imp
   899 | D:1      | Reached skill level 1 in Fighting
  1634 | D:2      | Reached XP level 3. HP: 26/26 MP: 8/8
  2694 | D:3      | Noticed a phantom
  2831 | D:3      | Killed a phantom
  2831 | D:3      | Reached XP level 4. HP: 19/33 MP: 3/10
  3339 | D:3      | Reached XP level 5. HP: 10/38 MP: 3/12
  3344 | D:3      | Learned a level 3 spell: Conjure Flame
  3348 | D:3      | Learned a level 3 spell: Mephitic Cloud
  3931 | D:4      | Reached skill level 5 in Spellcasting
  3979 | D:4      | Noticed Edmund
  3987 | D:4      | Noticed an ogre
  3999 | D:4      | Killed an ogre
  4049 | D:4      | Found a glowing drain.
  4053 | Sewer    | Entered a sewer
  4295 | Sewer    | Reached XP level 6. HP: 38/46 MP: 11/14
  5427 | D:3      | Killed Edmund
  5824 | D:4      | Reached XP level 7. HP: 42/52 MP: 8/15
  5916 | D:4      | Reached skill level 6 in Spellcasting
  5948 | D:4      | Noticed Robin
  6014 | D:4      | Killed Robin
  6282 | D:4      | Noticed Duvessa
  6282 | D:4      | Noticed Dowan
  6303 | D:4      | Killed Duvessa
  6319 | D:4      | Killed Dowan
  6761 | D:5      | Entered Level 5 of the Dungeon
  6761 | D:5      | Noticed Blork the orc
  6771 | D:5      | Killed Blork the orc
  7099 | D:4      | Reached XP level 8. HP: 46/61 MP: 14/18
  7207 | D:5      | Reached skill level 7 in Spellcasting
  7241 | D:5      | Found a transporter.
  7243 | D:5      | Found a transporter.
  7249 | D:5      | Noticed fritzmikael's ghost (amateur BaIE)
  7824 | D:5      | Reached skill level 5 in Fighting
  7842 | D:5      | Got a smoking short sword
  7843 | D:5      | Identified the cursed +1 short sword of the Horn
                  | {antimagic, *Rage rElec Str+4 Int+8} (You found it on level
                  | 5 of the Dungeon)
  8380 | D:5      | Found a runed translucent door.
  8381 | D:5      | Noticed Crazy Yiuf
  8396 | D:5      | Killed Crazy Yiuf
  8567 | D:5      | Learned a level 2 spell: Searing Ray
  8572 | D:5      | Learned a level 4 spell: Force Lance
  8599 | D:5      | Found a staircase to the Ecumenical Temple.
  8621 | Temple   | Entered the Ecumenical Temple
  8655 | Temple   | Became a worshipper of Sif Muna the Loreminder
  9047 | D:5      | Reached skill level 1 in Polearms
  9365 | D:5      | Killed fritzmikael's ghost
  9439 | D:6      | Reached XP level 9. HP: 49/68 MP: 20/20
  9734 | D:6      | Reached skill level 5 in Conjurations
  9760 | D:6      | Reached skill level 5 in Dodging
  9760 | D:6      | Reached skill level 8 in Spellcasting
 10009 | D:6      | Reached * piety under Sif Muna
 10590 | D:7      | Learned a level 4 spell: Iskenderun's Mystic Blast
 11002 | D:8      | Found a flagged portal.
 11078 | Bailey   | Entered a bailey
 11246 | Bailey   | Identified the amulet of Buuck {Reflect Dex+4 SH+3 Stlth+}
 12411 | D:8      | Reached skill level 1 in Shields
 12430 | D:8      | Found Vaomuamp's General Store.
 12453 | D:8      | Reached XP level 10. HP: 72/77 MP: 17/22
 12504 | D:8      | Learned a level 4 spell: Olgreb's Toxic Radiance
 12627 | D:8      | Found a staircase to the Lair.
 12627 | D:8      | Noticed a death yak
 12628 | D:8      | Noticed a death yak
 12628 | D:8      | Noticed a death yak
 12628 | D:8      | Noticed a death yak
 12639 | D:8      | Killed a death yak
 12639 | D:8      | Reached ** piety under Sif Muna
 12642 | D:8      | Killed a death yak
 12642 | D:8      | Reached skill level 9 in Spellcasting
 13474 | D:8      | Reached skill level 1 in Poison Magic
 13812 | D:8      | Killed a death yak
 13928 | D:8      | Killed a death yak
 14481 | D:9      | Found a stormy altar of Qazlal.
 14866 | D:9      | Reached XP level 11. HP: 81/84 MP: 24/24
 14898 | D:9      | Reached *** piety under Sif Muna
 14924 | D:9      | Noticed a two-headed ogre
 14947 | D:9      | Killed a two-headed ogre
 15122 | D:10     | Entered Level 10 of the Dungeon
 15348 | D:10     | Noticed a two-headed ogre
 15356 | D:10     | Killed a two-headed ogre
 15609 | D:10     | Learned a level 4 spell: Airstrike
 15619 | D:10     | Noticed Sonja
 15771 | D:10     | Noticed a two-headed ogre
 15794 | D:10     | Killed a two-headed ogre
 15794 | D:10     | Reached skill level 1 in Air Magic
 15990 | D:10     | Reached skill level 1 in Long Blades
 16239 | D:10     | Got a jewelled leather armour
 16250 | D:10     | Identified the +3 leather armour of the Gate {Str+3} (You
                  | found it on level 10 of the Dungeon)
 16460 | D:10     | Killed Sonja
 17168 | D:11     | Reached skill level 10 in Spellcasting
 17645 | D:11     | Noticed a two-headed hydra
 17700 | D:11     | Killed a one-headed hydra
 17956 | D:11     | Found a staircase to the Orcish Mines.
 17958 | D:11     | Found Zetocw's Weapon Shoppe.
 17961 | D:11     | Noticed a deep elf mage
 17979 | D:11     | Killed a deep elf mage
 18459 | D:11     | Noticed a two-headed ogre
 18474 | D:11     | Killed a two-headed ogre
 18474 | D:11     | Reached skill level 1 in Armour
 18474 | D:11     | Reached skill level 5 in Shields
 18474 | D:11     | Reached XP level 12. HP: 68/92 MP: 15/26
 18976 | D:11     | Learned a level 2 spell: Swiftness
 19052 | Orc:1    | Entered Level 1 of the Orcish Mines
 19060 | Orc:1    | Reached **** piety under Sif Muna
 19725 | Orc:2    | Entered Level 2 of the Orcish Mines
 19734 | Orc:2    | Found a frozen archway.
 19743 | IceCv    | Entered an ice cave
 19834 | IceCv    | Killed a reaper
 22162 | Orc:2    | Reached ***** piety under Sif Muna
 22216 | Orc:1    | Identified Sif Muna's Handbook of the Mountains and Dark
                  | Magic (Sif Muna gifted it to you on level 1 of the Orcish
                  | Mines)
 22216 | Orc:1    | Received a gift from Sif Muna
 22262 | Orc:1    | Learned a level 6 spell: Simulacrum
 22598 | Orc:1    | Reached skill level 1 in Ice Magic
 22711 | Orc:2    | Reached skill level 1 in Necromancy
 23057 | Orc:2    | Noticed a centaur warrior
 23061 | Orc:2    | Reached skill level 1 in Invocations
 23083 | Orc:2    | Killed a centaur warrior
 23197 | Orc:2    | Found a staircase to the Elven Halls.
 23217 | Orc:2    | Found Daataow's Distillery.
 23217 | Orc:2    | Found Bemig's Jewellery Shop.
 23219 | Orc:2    | Found Cumisan's Food Boutique.
 23221 | Orc:2    | Found Nahas's Antique Armour Emporium.
 23538 | Orc:2    | Noticed an orc high priest
 23762 | Orc:2    | Killed an orc high priest
 23762 | Orc:2    | Reached skill level 5 in Poison Magic
 23762 | Orc:2    | Gained mutation: You are in touch with the powers of death.
                  | [Mummy growth]
 23762 | Orc:2    | Reached XP level 13. HP: 65/99 MP: 17/27
 24032 | Orc:2    | Bought a crude scale mail for 198 gold pieces
 24049 | Orc:2    | Identified the cursed +1 scale mail "Kietiela" {*Corrode
                  | +Fly rC+ Int+4} (You bought it in a shop on level 2 of the
                  | Orcish Mines)
 24328 | Lair:1   | Entered Level 1 of the Lair of Beasts
 24851 | Lair:1   | Noticed Nergalle
 24880 | Lair:1   | Killed Nergalle
 25436 | Lair:2   | Received a gift from Sif Muna
 25456 | Lair:2   | Learned a level 3 spell: Ozocubu's Armour
 25840 | Lair:2   | Learned a level 4 spell: Summon Lightning Spire
 26367 | Lair:3   | Reached skill level 11 in Spellcasting
 26367 | Lair:3   | Reached skill level 1 in Summonings
 26511 | Lair:3   | Found a staircase to the Swamp.
 26612 | Lair:3   | Got an emerald-encrusted leather armour
 26639 | Lair:2   | Identified the +2 leather armour "Sizoetza" {Int+4} (You
                  | found it on level 3 of the Lair of Beasts)
 27763 | Lair:4   | Found a staircase to the Snake Pit.
 27796 | Lair:4   | Noticed Josephine
 27833 | Lair:4   | Killed Josephine
 28279 | Lair:4   | Noticed Nessos
 28303 | Lair:4   | Killed Nessos
 29388 | Lair:5   | Reached XP level 14. HP: 81/108 MP: 25/29
 29847 | Lair:6   | Entered Level 6 of the Lair of Beasts
 29976 | Lair:6   | Found a staircase to the Slime Pits.
 31187 | Lair:6   | Reached skill level 5 in Ice Magic
 31192 | Lair:6   | HP: 3/108 [acid (10)]
 33285 | D:12     | Noticed Azrael
 33292 | D:12     | HP: 2/108 [fire elemental[Azrael] (13)]
 33656 | D:11     | Killed Azrael
 33906 | D:12     | Identified Sif Muna's Handbook of Summoning and Arcane
                  | Weapons (Sif Muna gifted it to you on level 12 of the
                  | Dungeon)
 33906 | D:12     | Received a gift from Sif Muna
 34456 | D:13     | Reached skill level 5 in Summonings
 34528 | D:13     | Noticed Jorgrun
 34563 | D:13     | HP: 3/108 [Jorgrun/uncursed staff of earth (13)]
 34570 | D:13     | Mangled by Jorgrun

Levels and vault maps discovered:
D:1:      ncdulo_watergridlock, layout_basic, hangedman_decor_slide_cut,
          minmay_rat_gold_closets
D:2:      layout_basic, hangedman_decor_points, minmay_stone_trees_small
D:3:      layout_loops_cross, item_on_display_a
D:4:      layout_basic, gup_sewer_entry_bowl, uniq_robin, uniq_edmund,
          uniq_duvessa
D:5:      layout_cave_pools, minmay_temple_entry_waves, first_ration,
          gammafunk_ghost_hive, kennysheep_generic_room_6,
          uniq_crazy_yiuf_cottage, uniq_blork_the_orc
D:6:      layout_loops_ring, chequers_serial_rivers_small_b
D:7:      layout_basic
D:8:      layout_basic, dpeg_lair_monsters, enter_bailey_2, serial_shops,
          nicolae_shop_stone
D:9:      layout_roguey, nicolae_qazlal_eye_of_the_storm
D:10:     layout_layer_cave, uniq_sonja
D:11:     layout_basic, orc_david_3, hangedman_ranch [blue_anna_fruit_fields]
D:12:     layout_rooms, uniq_azrael
D:13:     layout_stronghold, erik_vaults_1, uniq_jorgrun
Temple:   nicolae_temple_the_god_donut
Lair:1:   layout_big_grid, serial_rivers, chequers_serial_rivers_micro_b,
          chequers_serial_rivers_large_a, chequers_serial_rivers_marsh,
          chequers_serial_rivers_room_a, uniq_nergalle
Lair:2:   layout_cave_pods, infiniplex_staircase_pool, serial_bayou_shore_b
Lair:3:   layout_gridlike, swamp_mist, worms_lemuel
Lair:4:   layout_cave_shapes, minmay_snake_entry_guardpost_medium,
          uniq_josephine, uniq_nessos
Lair:5:   layout_gridlike, zaba_anthole, grunt_megastairs_2
Lair:6:   guppyfry_lair_end_dragon, layout_misc_corridors,
          minmay_slime_entry_oklob_enclosed, minivault_11, disabler_island,
          serial_bayou_shore_a
Orc:1:    layout_diamond_mine
Orc:2:    st_orc_rangers, layout_caves, portal_ice_cave_entry_pillars_1

Skill      XL: |  1  2  3  4  5  6  7  8  9 10 11 12 13 14 |
---------------+-------------------------------------------+-----
Conjurations   | 1 2 3 4 6 7 |  7.3
Fighting       | 1 2 3 4 5 6 7 8 9 |  9.0
Dodging        | 2 3 4 5 6 7 8 |  8.2
Spellcasting   | 5 6 7 8 9 10 11 | 11.9
Polearms       | 1 3 4 |  4.1
Stealth        | 2 3 4 |  4.0
Shields        | 1 3 5 6 7 |  7.8
Poison Magic   | 2 4 5 6 |  6.4
Air Magic      | 2 3 4 |  4.0
Long Blades    | 2 4 |  4.3
Armour         | 1 2 3 |  3.1
Ice Magic      | 2 4 5 |  5.7
Necromancy     | 1 3 4 |  4.9
Invocations    | 1 2 |  2.3
Summonings     | 3 5 |  5.0
Translocations | |  0.7

Action                   |  1- 3 |  4- 6 |  7- 9 | 10-12 | 13-15 || total
-------------------------+-------+-------+-------+-------+-------++-------
Melee: Dagger            |   100 |    29 |   103 |       |       ||   232
       Unarmed           |    17 |       |       |       |       ||    17
       Staff             |       |    79 |    46 |    18 |       ||   143
       Battleaxe         |       |       |     6 |       |       ||     6
       Halberd           |       |       |   162 |   139 |       ||   301
       Scimitar          |       |       |       |   269 |   507 ||   776
Throw: Dart              |       |    10 |     2 |    22 |     1 ||    35
 Cast: Magic Dart        |    34 |    11 |     9 |     6 |     1 ||    61
       Call Imp          |    35 |    67 |    66 |    20 |     1 ||   189
       Blink             |       |     6 |    10 |    15 |    23 ||    54
       Mephitic Cloud    |       |     7 |    51 |    28 |    16 ||   102
       Conjure Flame     |       |     4 |    10 |    26 |     9 ||    49
       Force Lance       |       |       |    15 |    13 |       ||    28
       Iskenderun's Myst |       |       |     4 |     1 |       ||     5
       Searing Ray       |       |       |     2 |    40 |    12 ||    54
       Olgreb's Toxic Ra |       |       |       |    96 |   114 ||   210
       Summon Lightning  |       |       |       |       |    48 ||    48
       Ozocubu's Armour  |       |       |       |       |     8 ||     8
       Swiftness         |       |       |       |       |     1 ||     1
       Airstrike         |       |       |       |       |     8 ||     8
Invok: Forget Spell      |       |       |       |       |     1 ||     1
       Channel Magic     |       |       |       |       |     3 ||     3
Evoke: Wand              |       |       |       |     3 |    11 ||    14
       Lamp of fire      |       |       |       |       |     2 ||     2
       Fan of gales      |       |       |       |       |     1 ||     1
  Use: Scroll            |     2 |     6 |     9 |    12 |     9 ||    38
 Stab: Sleeping          |     5 |     6 |     8 |    17 |     9 ||    45
       Confused          |       |       |    10 |     9 |     1 ||    20
       Distracted        |       |       |       |     2 |     3 ||     5
Armor: Robe              |    23 |    20 |    82 |    18 |       ||   143
       Leather armour    |       |       |       |   124 |       ||   124
       Troll leather arm |       |       |       |    34 |   329 ||   363
Dodge: Dodged            |    99 |   117 |   310 |   324 |   421 ||  1271
Block: Shield            |       |       |    23 |   267 |   634 ||   924
       Other             |       |       |     3 |    42 |       ||    45
       Reflection        |       |       |       |    63 |    11 ||    74
       Rpst.: Scimitar   |       |       |       |    40 |    95 ||   135
